 Dungeon Crawl Stone Soup version 0.23-a0-516-g0f8c245 (webtiles) character file.

20 theanonym the Vexing (level 2, -1/23 HPs)
             Began as a Mummy Enchanter on Dec 5, 2018.
             Slain by a goblin (3 damage)
             ... on level 1 of the Dungeon.
             The game lasted 00:00:36 (730 turns).

theanonym the Vexing (Mummy Enchanter)               Turns: 730, Time: 00:00:37

Health: -1/23      AC:  3    Str: 11    XL:     2   Next: 58%
Magic:  5/5        EV: 11    Int: 14    God:
Gold:   27         SH:  0    Dex: 12    Spells: 5/6 levels left

rFire    x . .     SeeInvis .   d - +0 short sword
rCold    + . .     Gourm    .   (no shield)
rNeg     + + +     Faith    .   e - +0 leather armour
rPois    ∞         Spirit   .   (no helmet)
rElec    .         Reflect  .   (no cloak)
rCorr    .         Harm     .   (no gloves)
MR       .....                  (no boots)
Stlth    ++........             (no amulet)
HPRegen  0.07/turn              (no ring)
MPRegen  0.09/turn              (no ring)

@: no status effects
A: no food or potions, fire vulnerability, cold resistance 1, negative energy
resistance 3, torment resistance, unbreathing
a: no special abilities


Innate Abilities, Weirdness & Mutations

You do not eat or drink.
Your flesh is vulnerable to fire.
You are immune to poison.
Your flesh is cold resistant. (rC+)
You are immune to negative energy. (rN+++)
You are immune to unholy pain and torment.
You can survive without breathing.


   Skills:
 + Level 2.3 Fighting
 - Level 0.7 Short Blades
 - Level 1.5 Dodging
 - Level 2.4 Stealth
 - Level 2.6 Spellcasting
 - Level 2.6 Hexes


You had 5 spell levels left.
You knew the following spells:

 Your Spells              Type           Power        Failure   Level  Hunger
a - Corona                Hex            #......      10%         1    N/A

Your spell library contained the following spells:

 Spells                   Type           Power        Failure   Level  Hunger
 Ensorcelled Hibernation  Hex/Ice        #.....       26%         2    N/A
 Confuse                  Hex            #.......     28%         3    N/A
 Tukima's Dance           Hex            #.......     28%         3    N/A
 Dazzling Spray           Conj/Hex       #.....       45%         3    N/A

Skill      XL: |  1  2 |
---------------+-------+-----
Fighting       | 1 2 |  2.3
Short Blades   | |  0.7
Dodging        | |  1.5
Stealth        | |  2.4
Spellcasting   | |  2.6
Hexes          | |  2.6

Action                   || total
-------------------------++-------
Melee: Dagger            ||    11
       Short sword       ||    48
 Stab: Sleeping          ||     2
Armor: Robe              ||     6
       Leather armour    ||     5
Dodge: Dodged            ||    35

Inventory:

Hand Weapons
 a - a +1 dagger
 d - a +0 short sword (weapon)
   (You took it off a kobold on level 1 of the Dungeon)
Armour
 b - a +0 robe
 e - a +0 leather armour (worn)
   (You found it on level 1 of the Dungeon)
Scrolls
 c - a scroll of amnesia {unknown}


You were on level 1 of the Dungeon.
You were not hungry.

You visited 1 branch of the dungeon, and saw 1 of its levels.

You collected 27 gold pieces.

Dungeon Overview and Level Annotations

Branches:
Dungeon (1/15)

Altars:

##.# ##.....## ##..#
##.......##
######...####.........#
.....†......+......l..+
######...####..>......#
######..# #.......#
#.......# #..$..#
#.#####.# #...##### #.#
#.# #@g..)..# #.# ###.#
#..####.# #.#
#...#######..####.##
#.#
#.#.#........#......
#.#
#.#.#.#####....##.##
#.###.#.#.# #........#
#.......#.#........#..#
###.###.#.#...........#
#.# #...........##.##


You could see a goblin and a frilled lizard.

Notes
Turn   | Place    | Note
-------+----------+-------------------------------------------
     0 | D:1      | theanonym the Mummy Enchanter began the quest for the Orb.
     0 | D:1      | Reached XP level 1. HP: 13/13 MP: 4/4
   102 | D:1      | HP: 4/14 [kobold/+0 short sword (4)]
   104 | D:1      | Reached skill level 1 in Fighting
   376 | D:1      | Reached XP level 2. HP: 20/22 MP: 5/5
   433 | D:1      | Reached skill level 2 in Fighting
   707 | D:1      | HP: 11/22 [hobgoblin (4)]
   713 | D:1      | HP: 8/22 [goblin (4)]
   715 | D:1      | HP: 3/22 [goblin (4)]
   729 | D:1      | HP: 2/23 [goblin (1)]
   730 | D:1      | Slain by a goblin

Vanquished Creatures
  3 dart slugs (D:1)
  A bat (D:1)
  2 goblins (D:1)
  A hobgoblin (D:1)
  3 kobolds (D:1)
  2 frilled lizards (D:1)
  3 rats (D:1)
15 creatures vanquished.

Table legend:
 A = Turns spent in this place as a percentage of turns spent in the entire game.
 B = Non-inter-level travel turns spent in this place as a percentage of non-inter-level travel turns spent in the entire game.
 C = Inter-level travel turns spent in this place as a percentage of turns spent in this place.
 D = Turns resting spent in this place as a percentage of non-inter-level travel turns spent in this place.
 E = Turns spent auto-exploring this place as a percentage of non-inter-level travel turns spent in this place.
 F = Non-inter-level travel turns spent in this place divided by the number of levels of this place that you've seen.
                   A       B       C       D       E      F
               +-------+-------+-------+-------+-------+----------------------
         Total | 100.0 | 100.0 |   0.8 |  45.7 |  35.9 | 724.0
       Dungeon | 100.0 | 100.0 |   0.8 |  45.7 |  35.9 | 724.0
               +-------+-------+-------+-------+-------+----------------------
